 Dungeon Crawl Stone Soup version 0.28-a0-422-gd71735cc25 (webtiles) character file.

Game seed: 16442287059314938241

5416 frimble the Tainter (level 10, -3/69 HPs)
             Began as an Octopode Venom Mage on Sept 9, 2021.
             Slain by a wolf (12 damage)
             ... led by Grum
             ... on level 8 of the Dungeon.
             The game lasted 00:13:05 (9539 turns).

frimble the Tainter (Octopode Venom Mage)           Turns: 9539, Time: 00:13:05

Health: -3/69      AC:  1    Str: 15    XL:     10   Next: 67%
Magic:  7/15       EV: 13    Int: 20    God:
Gold:   237        SH:  0    Dex: 12    Spells: 11/16 levels left

rFire   . . .      SeeInvis +   b - +5 quick blade
rCold   . . .      Faith    .   (no shield)
rNeg    . . .      Spirit   .   (helmet restricted)
rPois   .          Reflect  .   (no amulet)
rElec   .          Harm     .   e - ring of see invisible
rCorr   .          Rampage  .   k - +6 ring of strength
Will    .....                   (no ring)
Stlth   +++++.....              (no ring)
HPRegen 0.21/turn               (no ring)
MPRegen 0.14/turn               (no ring)
                                (no ring)
                                (no ring)

@: no status effects
A: almost no armour, amphibious, 8 rings, camouflage 1, gelatinous body 1,
(nimble swimmer 1), tentacles
a: no special abilities


You were on level 8 of the Dungeon.
You visited 1 branch of the dungeon, and saw 8 of its levels.

You collected 237 gold pieces.

Inventory:

Hand Weapons
 b - a +5 quick blade (weapon)
Missiles
 q - a throwing net (quivered)
Jewellery
 e - a ring of see invisible (left tentacle)
 k - a +6 ring of strength (right tentacle)
 u - a ring of ice
Wands
 m - a wand of digging (7)
 p - a wand of charming (6)
 s - a wand of mindburst (15)
Scrolls
 c - a scroll of vulnerability
 j - 2 scrolls of amnesia
 l - 2 scrolls of magic mapping
Potions
 a - a potion of flight
 d - 4 potions of curing
 f - 2 potions of magic
 g - a potion of haste {unknown}
 h - a potion of attraction
 i - 2 potions of heal wounds {unknown}
 n - a potion of cancellation {unknown}
 r - a potion of invisibility {unknown}
 t - a potion of might {unknown}


   Skills:
 + Level 6.9 Fighting
 - Level 8.0 Short Blades
 + Level 3.1 Dodging
 + Level 8.1 Stealth
 + Level 3.9 Spellcasting
 - Level 1.0 Transmutations
 - Level 9.0 Poison Magic
 + Level 6.1 Evocations


You had 11 spell levels left.
You knew the following spells:

 Your Spells              Type           Power      Damage    Failure   Level
a - Sting                 Tmut/Pois      92%        1d7       1%          1
b - Olgreb's Toxic Radia  Pois           39%        N/A       3%          4

Your spell library contained the following spells:

 Spells                   Type           Power      Damage    Failure   Level
 Poisonous Vapours        Pois/Air       42%        N/A       3%          2
 Mephitic Cloud           Conj/Pois/Air  15%        N/A       12%         3
 Shock                    Conj/Air       12%        1d3       13%         1
 Call Canine Familiar     Summ           3%         N/A       36%         3
 Frozen Ramparts          Ice            6%         1d2       36%         3
 Portal Projectile        Hex/Tloc       6%         N/A       36%         3
 Swiftness                Air            3%         N/A       36%         3
 Ice Form                 Ice/Tmut       5%         N/A       71%         4
 Airstrike                Air            1%         N/A       78%         4
 Leda's Liquefaction      Hex/Erth       1%         N/A       78%         4
 Summon Ice Beast         Ice/Summ       3%         N/A       78%         4


Dungeon Overview and Level Annotations

Branches:
Dungeon (8/15)               Lair (0/6) D:8
 Temple: D:4-7

Altars:
Cheibriados
Kikubaaqudgha
Qazlal
The Shining One

Annotations:
D:6 Maggie
D:7 Joseph


Innate Abilities, Weirdness & Mutations

You cannot wear most types of armour.
You are amphibious.
You can wear up to eight rings at the same time.
Your skin changes colour to match your surroundings (Stealth+).
Your rubbery body absorbs attacks. (AC +1, EV +1)
((You are camouflaged near water. (Stealth+)))
You have tentacles for arms and can constrict up to eight enemies at once.


Message History

You hit the wolf but do no damage.
The wolf is almost dead.
You constrict the wolf.
You kill the wolf!
The centaur wields a +0 shortbow.
The centaur shoots an arrow.
The arrow hits you!
Your Dodging skill increases to level 3!
Unknown command.
You kill the centaur!
Grum sniffs the air and quickly glances around.
Grum hits you from afar with a +1 spear!
You see here a wolf corpse.
Grum completely misses you.
Things that are here:
a +0 shortbow; 10 arrows; a centaur corpse You hit Grum but do no damage.
You grab Grum.
Grum is heavily wounded.
You constrict Grum. You hit Grum. You squeeze Grum!
Grum is almost dead.
You constrict Grum, but do no damage. Grum hits you with a +1 spear!
* * * LOW HITPOINT WARNING * * *
You hit Grum but do no damage. You squeeze Grum.
Grum is almost dead.
You constrict Grum, but do no damage.
Throw: 2 throwing nets
Press: ? - help, Q - select action, (/) - cycle Shift-Dir - straight line, f - Grum
Aim: Grum, wielding a +1 spear and wearing a +0 animal skin (almost dead, constricted by you, poisoned, 93% to hit)
You throw a throwing net. The throwing net hits Grum.
Grum is caught in the net!
Grum is almost dead.
You constrict Grum.
Grum looks more healthy.
A wolf comes into view.
Grum struggles against the net.
You hit Grum.
You kill Grum!
The wolf bites you!
* * * LOW HITPOINT WARNING * * *
You feel better. The wolf bites you!
You die...

.###'####...##..#.#.####
.#..........##.##.#..
.#..........##.##.#>##
.#..........##.##.#.#
.#..........##.##...#
)...........##.### ##
..........####.#
..........# #.##########
............
#()@†......#
#...##......
#.h#######.# #...# .....
#....>..... #...# ...
#........## #####
#).##o##... #.## .c .#
.. #.. ##.


gh. #. #.#. You could see a wolf.

Vanquished Creatures
  A hornet (D:8)
  3 slime creatures (D:7)
  4 yaks (D:8)
  2 wyverns
  Grum (D:8)
  2 steam dragons
  2 wargs (D:8)
  4 water moccasins
  An orc warrior (D:8)
  2 sky beasts
  2 black bears
  2 necrophages
  5 ogres
  A wolf (D:8)
  4 centaurs
  2 kobold brigands (D:8)
  2 scorpions
  A centaur zombie (D:7)
  A jelly (D:4)
  2 bullfrog skeletons
  4 orc priests
  3 hounds
  3 iguanas
  An orc wizard (D:4)
  A hound zombie (D:5)
  3 hound skeletons
  A howler monkey zombie (D:8)
  4 adders
  A howler monkey skeleton (D:4)
  6 gnolls
  2 shadow imps
  A white imp (D:6)
  2 ufetubi (D:6)
  3 dart slugs
  18 orcs
  10 ball pythons
  3 bats
  5 endoplasms
  2 giant cockroaches (D:3)
  6 goblins
  6 hobgoblins
  7 jackals
  4 quokkas
  2 frilled lizards
  19 kobolds
  4 rats
165 creatures vanquished.

Vanquished Creatures (collateral kills)
  2 yaks (D:8)
2 creatures vanquished.

Vanquished Creatures (others)
  A warg (D:8)
  An orc (D:6)
  14 plants
16 creatures vanquished.

Grand Total: 183 creatures vanquished

Notes
Turn   | Place    | Note
-------+----------+-------------------------------------------
     0 | D:1      | frimble the Octopode Venom Mage began the quest for the
                  | Orb.
     0 | D:1      | Reached XP level 1. HP: 11/11 MP: 3/3
   426 | D:1      | Reached skill level 4 in Poison Magic
   426 | D:1      | Reached XP level 2. HP: 10/17 MP: 1/5
   936 | D:1      | You fall into a shaft and drop 1 floor!
  1605 | D:2      | Reached XP level 3. HP: 15/21 MP: 6/6
  1844 | D:2      | Reached skill level 1 in Short Blades
  2008 | D:1      | Reached XP level 4. HP: 27/27 MP: 7/7
  2019 | D:1      | Found a faded altar of an unknown god.
  2563 | D:1      | Identified a scroll of acquirement
  2564 | D:1      | Acquired a +5 quick blade
  2938 | D:3      | Noticed a necrophage
  2945 | D:3      | Killed a necrophage
  2946 | D:3      | Reached skill level 1 in Fighting
  2946 | D:3      | Reached skill level 5 in Poison Magic
  2946 | D:3      | Reached XP level 5. HP: 23/33 MP: 8/8
  3108 | D:3      | Found an ancient bone altar of Kikubaaqudgha.
  3775 | D:4      | Reached skill level 5 in Stealth
  3951 | D:4      | Learned a level 4 spell: Olgreb's Toxic Radiance
  4125 | D:4      | Reached XP level 6. HP: 32/38 MP: 1/9
  4537 | D:4      | Noticed a steam dragon
  4573 | D:5      | Entered Level 5 of the Dungeon
  4674 | D:5      | Noticed a sky beast
  4701 | D:5      | Killed a sky beast
  4925 | D:5      | Reached XP level 7. HP: 45/45 MP: 10/10
  5479 | D:5      | Reached skill level 6 in Poison Magic
  5941 | D:5      | Reached skill level 5 in Short Blades
  5941 | D:5      | Reached XP level 8. HP: 38/52 MP: 7/11
  6275 | D:6      | Noticed Maggie
  6340 | D:6      | Identified the +6 long sword of Toemmo {vorpal, rC++ rN+
                  | Int+3 Dex+2}
  6508 | D:6      | Found a stormy altar of Qazlal.
  6589 | D:6      | Found a glowing golden altar of the Shining One.
  6611 | D:6      | Reached skill level 1 in Evocations
  6619 | D:6      | Reached skill level 7 in Poison Magic
  6878 | D:6      | Found a snail-covered altar of Cheibriados.
  7087 | D:6      | Reached XP level 9. HP: 55/59 MP: 12/12
  7433 | D:7      | Reached skill level 5 in Fighting
  7569 | D:7      | Reached skill level 8 in Poison Magic
  7666 | D:7      | Noticed Joseph
  8548 | D:8      | Reached XP level 10. HP: 68/68 MP: 4/13
  8555 | D:8      | Reached skill level 5 in Evocations
  8575 | D:8      | Reached skill level 9 in Poison Magic
  9129 | D:8      | Found a staircase to the Lair.
  9520 | D:8      | Noticed Grum
  9538 | D:8      | Killed Grum
  9539 | D:8      | Slain by a wolf

Illustrated notes

Levels and vault maps discovered:
D:1:      dpeg_arrival_refuge, layout_basic,
          shapermc_ecumenical_altar_hornbeckon
D:2:      layout_basic, minmay_split_cup_small
D:3:      layout_loops_corners, mainiacjoe_overflow_chevrons
D:4:      layout_loops_corners, minmay_quantized
D:5:      layout_basic, dk_rats_in_the_wall
D:6:      layout_loops_ring, grunt_qazlal_clouds,
          mainiacjoe_overflow_tiny_flanked, kennysheep_mini,
          serial_bayou_lake_a, uniq_maggie
D:7:      layout_rooms, mainiacjoe_overflow_paths,
          minmay_temple_entry_enclosed_plants, the_hattery, uniq_joseph,
          uniq_crazy_yiuf_cottage
D:8:      layout_basic, erik_lair_orcish_takeover, minmay_manual_mares,
          uniq_grum

Skill      XL: |  1  2  3  4  5  6  7  8  9 10 |
---------------+-------------------------------+-----
Stealth        | 3 4 5 6 7 8 |  8.1
Poison Magic   | 4 5 6 7 8 9 |  9.0
Short Blades   | 1 2 3 5 6 8 |  8.0
Fighting       | 1 2 3 4 5 6 |  6.9
Evocations     | 2 4 6 |  6.1
Spellcasting   | 3 |  3.9
Dodging        | 3 |  3.1
Transmutations | |  1.0

Action                   |  1- 3 |  4- 6 |  7- 9 | 10-12 || total
-------------------------+-------+-------+-------+-------++-------
Melee: Dagger            |    39 |    21 |       |       ||    60
       Unarmed           |     6 |       |       |       ||     6
       Constrict         |    12 |    16 |    22 |     7 ||    57
       Tentacles         |     9 |     3 |    29 |    17 ||    58
       Quick blade       |       |    64 |   137 |    79 ||   280
Throw: Javelin           |       |       |       |     4 ||     4
       Throwing net      |       |       |       |     1 ||     1
 Cast: Sting             |    23 |    12 |    25 |     7 ||    67
       Olgreb's Toxic Ra |       |     1 |    10 |     7 ||    18
Evoke: Wand              |       |       |     1 |     1 ||     2
  Use: Scroll            |       |    10 |     4 |       ||    14
       Potion            |       |     1 |       |     2 ||     3
 Stab: Sleeping          |     5 |    19 |    19 |     4 ||    47
       Distracted        |       |       |     1 |       ||     1
Armor: Skin              |     7 |     5 |     3 |     1 ||    16
Dodge: Dodged            |    32 |    26 |    61 |    25 ||   144

Table legend: (Time is in decaauts)
 A = Elapsed time spent in this place.
 B = Non-inter-level travel time spent in this place.
 C = Inter-level travel time spent in this place.
 D = Time resting spent in this place.
 E = Time spent auto-exploring this place.
 F = Levels seen in this place.
 G = Mean time per level.
                   A        B        C        D        E       F      G
               +--------+--------+--------+--------+--------+-----+--------+
         Total |   9377 |   8971 |    406 |    432 |   7340 |   8 | 1172.1 |
       Dungeon |   9377 |   8971 |    406 |    432 |   7340 |   8 | 1172.1 |
               +--------+--------+--------+--------+--------+-----+--------+

Top non-repeatable levels by time:
     D:5: 1760 daAuts
     D:1: 1548 daAuts
     D:4: 1260 daAuts
     D:6: 1110 daAuts
     D:2: 1059 daAuts
     D:3: 968 daAuts
     D:8: 894 daAuts
     D:7: 776 daAuts
